 Dungeon Crawl Stone Soup version 0.27.1-3-gb3d3a73c9e (webtiles) character file.

Game seed: 5251918794905532854

205 barney the Changer (level 5, -1/60 HPs)
             Began as a Draconian Transmuter on Oct 6, 2021.
             Slain by a wight (11 damage)
             ... on level 5 of the Dungeon.
             The game lasted 00:03:59 (4341 turns).

barney the Changer (Draconian Transmuter)           Turns: 4341, Time: 00:04:01

Health: -1/60      AC: 22    Str: 12    XL:     5   Next: 52%
Magic:  8/8        EV:  2    Int: 14    God:
Gold:   195        SH:  5    Dex: 12    Spells: 2/8 levels left

rFire    . . .     SeeInvis .   e - +0 great mace
rCold    . . .     Faith    .   (shield currently unavailable)
rNeg     + + +     Spirit   .   (armour unavailable)
rPois    +         Reflect  +   (helmet currently unavailable)
rElec    .         Harm     .   (cloak currently unavailable)
rCorr    .         Rampage  .   (gloves currently unavailable)
Will     .....     NoTele   +   (boots currently unavailable)
Stlth    +.........             l - amulet of reflection
HPRegen  0.20/turn              i - ring of poison resistance
MPRegen  0.11/turn              (no ring)

@: tree-form, attractive
A: stationary, stasis, torment immunity, boosted hp, AC +5, unfitting armour,
(cold-blooded)
a: no special abilities


You were on level 5 of the Dungeon.
You were a tree.
You visited 1 branch of the dungeon, and saw 5 of its levels.

You collected 195 gold pieces.

Inventory:

Hand Weapons
 e - a +0 great mace (weapon)
Armour
 m - a +0 pair of boots (melded)
Jewellery
 i - a ring of poison resistance (left branch)
 l - an amulet of reflection (around neck)
Scrolls
 a - 4 scrolls of identify {unknown}
 d - 3 scrolls of teleportation {unknown}
 f - a scroll of magic mapping {unknown}
 g - a scroll of silence {unknown}
 h - a scroll of amnesia {unknown}
 j - a scroll of torment {unknown}
 n - a scroll of enchant weapon {unknown}
Potions
 k - a potion of flight {unknown}
 o - 2 potions of cancellation {unknown}


   Skills:
 - Level 1.1 Fighting
 - Level 1.7 Dodging
 - Level 3.0 Unarmed Combat
 - Level 2.0 Spellcasting
 + Level 5.9 Transmutations


You had 2 spell levels left.
You knew the following spells:

 Your Spells              Type           Power      Damage    Failure   Level
a - Beastly Appendage     Tmut           34%        N/A       2%          1
b - Spider Form           Tmut/Pois      4%         N/A       22%         3
c - Wereblood             Tmut           17%        N/A       3%          2

Your spell library contained the following spells:

 Spells                   Type           Power      Damage    Failure   Level
 Shock                    Conj/Air       4%         1d3       24%         1
 Swiftness                Air            1%         N/A       56%         3
 Ice Form                 Ice/Tmut       9%         N/A       56%         4
 Airstrike                Air            0%         N/A       93%         4


Dungeon Overview and Level Annotations

Branches:
Dungeon (5/15)
 Temple: D:4-7

Altars:
Cheibriados
Dithmenos

Portals:
Ossuary: D:5


Innate Abilities, Weirdness & Mutations

You are a tree.
Your roots penetrate the ground, keeping you stationary.
You cannot be teleported.
You are immune to unholy pain and torment.
Your maximum health is greatly increased.
Your equipment is partially melded.
((Your plain brown scales are hard. (AC +5)))
You cannot fit into any form of body armour.
((You are cold-blooded and may be slowed by cold attacks.))


Message History

The wight is almost destroyed.
The wight hits you but does no damage. x2
You closely miss the wight.
The wight is almost destroyed.
The wight hits you from afar with a +0 spear.
The wight completely misses you. The wight hits you but does no damage.
A wight comes into view. It is wielding a +5 great sword.
You barely miss the wight.
The wight is almost destroyed.
The wight barely misses you.
You sock the wight!
The wight is severely damaged.
The wight hits you but does no damage.
You barely miss the wight.
The wight is severely damaged.
The wight hits you with a +5 great sword!
The wight hits you but does no damage. x3
You closely miss the wight.
The wight is severely damaged.
The wight hits you but does no damage.
The wight hits you with a +5 great sword!
You block the wight's attack. The wight hits you but does no damage.
The wight barely misses you. The wight hits you but does no damage.
You closely miss the wight.
The wight is severely damaged.
The wight hits you from afar with a +0 spear!
You block the wight's attack.
The wight hits you but does no damage. x2
You closely miss the wight.
The wight is severely damaged.
The wight hits you with a +5 great sword.
The wight hits you but does no damage. x2; You block the wight's attack.
The wight barely misses you.
You closely miss the wight.
The wight is severely damaged.
The wight hits you from afar with a +0 spear.
The wight hits you with a +5 great sword!
* * * LOW HITPOINT WARNING * * *
The wight hits you but does no damage. x2
The wight hits you with a +5 great sword!
You die...

# . #. (.
#.## ...
#... .$..
#.. .....
#.##z.....
#♣z.∩....
#.#z......
#..
.......
#.##
.###### ##
.# .# .#
.#


You could see 3 wights.

Vanquished Creatures
  A scorpion (D:4)
  An orc priest (D:3)
  4 adders
  2 worms (D:3)
  6 orcs
  6 bats
  8 endoplasms
  3 giant cockroaches
  8 goblins
  4 hobgoblins
  5 kobolds
  3 quokkas
  6 ball pythons
  2 frilled lizards
  4 rats
63 creatures vanquished.

Notes
Turn   | Place    | Note
-------+----------+-------------------------------------------
     0 | D:1      | barney the Draconian Transmuter began the quest for the
                  | Orb.
     0 | D:1      | Reached XP level 1. HP: 16/16 MP: 3/3
   414 | D:1      | Reached XP level 2. HP: 22/23 MP: 5/5
   519 | D:1      | Found a faded altar of an unknown god.
   702 | D:1      | Reached skill level 3 in Transmutations
   915 | D:2      | Reached XP level 3. HP: 28/28 MP: 6/6
  1034 | D:2      | Reached skill level 4 in Transmutations
  1549 | D:2      | Learned a level 3 spell: Spider Form
  1552 | D:2      | Learned a level 2 spell: Wereblood
  1704 | D:2      | Reached XP level 4. HP: 32/35 MP: 7/7
  2443 | D:3      | Found a snail-covered altar of Cheibriados.
  2528 | D:3      | Reached skill level 5 in Transmutations
  2735 | D:3      | Found a shadowy altar of Dithmenos.
  3487 | D:4      | Reached XP level 5. HP: 32/40 MP: 1/8
  4327 | D:5      | Entered Level 5 of the Dungeon
  4327 | D:5      | Found a sand-covered staircase.
  4341 | D:5      | Slain by a wight

Illustrated notes

Levels and vault maps discovered:
D:1:      minmay_arrival_three_doors, layout_basic,
          hellmonk_ecumenical_altar_slurped_away
D:2:      layout_basic, hangedman_decor_slide_cut, roderic_malta_cross
D:3:      minmay_evil_eye, layout_loops_ring, slow_altar_2,
          mainiacjoe_overflow_24_doors
D:4:      layout_gridville
D:5:      layout_loops_cross, jmf_multi_god_temple,
          mainiacjoe_overflow_surrounded_room, enter_ossuary_3, serial_shops,
          shop, lightli_corner_chamber

Skill      XL: |  1  2  3  4 |
---------------+-------------+-----
Transmutations | 3 4 5 |  5.9
Fighting       | |  1.1
Dodging        | |  1.7
Unarmed Combat | |  3.0
Spellcasting   | |  2.0

Action                   |  1- 3 |  4- 6 || total
-------------------------+-------+-------++-------
Melee: Unarmed           |    93 |    31 ||   124
       Tailslap          |    12 |     4 ||    16
       Punch             |     2 |       ||     2
       Kick              |    11 |     2 ||    13
       Headbutt          |     4 |     4 ||     8
       Great mace        |    31 |    66 ||    97
 Cast: Beastly Appendage |    19 |     2 ||    21
       Spider Form       |       |     5 ||     5
  Use: Potion            |     1 |     2 ||     3
 Stab: Sleeping          |     1 |     1 ||     2
Armor: Skin              |    49 |    42 ||    91
Dodge: Dodged            |   112 |    87 ||   199
Block: Other             |       |    11 ||    11
